 Dungeon Crawl Stone Soup version 0.17-a0-1522-g6c5b4ba (webtiles) character file.

12975 Goblin1989 the Fighter (level 11, -10/102 HPs)
             Began as a Minotaur Monk on July 14, 2015.
             Was a High Priest of Ashenzari.
             Mangled by a yak (14 damage)
             ... on level 3 of the Lair of Beasts.
             The game lasted 00:39:37 (11700 turns).

Goblin1989 the Fighter (Minotaur Monk)             Turns: 11700, Time: 00:39:37

Health: -10/102    AC: 14    Str: 19    XL:     11   Next: 69%
Magic:  13/13      EV: 13    Int:  7    God:    Ashenzari [*****.]
Gold:   253        SH:  5    Dex: 13    Spells: 0 memorised, 10 levels left

rFire  . . .     SeeInvis +       - Unarmed
rCold  . . .     Clarity  +     c - +0 ring mail (curse)
rNeg   . . .     SustAt   .     m - +0 buckler (curse)
rPois  .         Gourm    +     G - +2 hat (curse)
rElec  .         Spirit   .     H - +0 cloak (curse)
rCorr  .         Warding  .     (no gloves)
rMut   .         Stasis   .     N - +2 pair of boots
MR     .....                    M - amulet of the gourmand (curse)
Stlth  +.........               (no ring)
                                w - ring of flight (curse)

@: very slightly contaminated, invisible, not resistant to hostile enchantments,
very unstealthy
A: retaliatory headbutt, horns 2
a: Scrying, Transfer Knowledge, Renounce Religion, Evoke Flight


You were on level 3 of the Lair of Beasts.
You worshipped Ashenzari.
Ashenzari was extremely pleased with you.
You were very full.

You visited 3 branches of the dungeon, and saw 13 of its levels.
You also visited: Sewer and Ossuary.

You collected 553 gold pieces.
You spent 300 gold pieces at shops.

Inventory:

Missiles
 J - 5 javelins of penetration
 K - 2 tomahawks (quivered)
Armour
 c - a cursed +0 ring mail (worn)
 m - a cursed +0 buckler (worn)
 y - a +0 plate armour
 G - a cursed +2 hat (worn)
 H - a cursed +0 cloak (worn)
 N - a +2 pair of boots (worn)
 Q - a +0 pair of gloves
Jewellery
 w - a cursed ring of flight (left hand)
 M - a cursed amulet of the gourmand (around neck)
Magical devices
 o - a wand of polymorph (9)
 I - a wand of frost (14)
 L - a wand of digging (9)
 S - a wand of slowing (12)
 U - a wand of disintegration (4)
 W - a wand of confusion (16)
Scrolls
 f - 7 scrolls of enchant armour
 g - 4 scrolls of blinking
 k - 4 scrolls of fog
 r - 4 scrolls of enchant weapon {unknown}
 z - a scroll of curse jewellery
 E - a scroll of noise {unknown}
 F - 2 scrolls of teleportation {unknown}
 O - 3 scrolls of amnesia {unknown}
 R - a scroll of magic mapping {unknown}
 V - a scroll of immolation {unknown}
 X - a scroll of acquirement {unknown}
Potions
 d - 5 potions of curing
 e - 2 potions of resistance
 j - 4 potions of flight
 l - a potion of heal wounds {unknown}
 n - a potion of magic {unknown}
 p - a potion of might
 q - 2 potions of invisibility
 s - a potion of degeneration {unknown}
 t - a potion of poison {unknown}
 u - a potion of agility {unknown}
 C - a potion of cure mutation {unknown}
 T - a potion of berserk rage {unknown}
Comestibles
 a - 6 chunks of flesh
 b - 8 bread rations
 h - 11 fruits
 i - 6 meat rations
 A - 12 royal jellies
 P - 2 beef jerkies


   Skills:
 + Level 11.5 Fighting
 * Level 10.0 Throwing
 - Level 8.7(11.3) Armour
 - Level 3.2(5.6) Dodging
 - Level 1.5 Stealth
 - Level 2.8(5.1) Shields
 - Level 10.6 Unarmed Combat
 + Level 5.1(7.7) Evocations


You had 10 spell levels left.
You didn't know any spells.

Dungeon Overview and Level Annotations

Branches:
Dungeon (9/15)             Temple (1/1) D:4            Lair (3/8) D:9
  Swamp: Lair:3-6    Shoals: Lair:3-6     Snake: Lair:3-6    Spider: Lair:3-6
    Orc: D:9-12

Altars:
Ashenzari
Cheibriados
Dithmenos
Elyvilon
Fedhas
Gozag
Kikubaaqudgha
Makhleb
Nemelex Xobeh
Okawaru
Qazlal
Ru
Sif Muna
Trog
Vehumet
Xom
Yredelemnul
Zin
The Shining One

Shops:
D:4 (   D:5 *   D:6 =   D:9 %


Innate Abilities, Weirdness & Mutations

You reflexively headbutt those who attack you in melee.
You have a pair of horns on your head.


Message History

You hit the yak.
The yak is lightly wounded.
The yak misses you. You furiously retaliate!
You headbutt the yak. You completely miss the yak. You headbutt the yak.
The yak is heavily wounded.
You punch the yak!
The yak is severely wounded.
The yak completely misses you. You furiously retaliate!
You headbutt the yak, but do no damage.
There is a stone staircase leading up here.
You punch the yak! Your headbutt misses the yak.
The yak is almost dead.
You block the yak's attack.
You punch the yak!
You kill the yak!
You closely miss the yak. The yak gores you but does no damage.
You hit the yak. You headbutt the yak!
The yak is moderately wounded.
The yak gores you!
You die...

### ### ####.##### ###.##
####........######
###.##.###Y...............#
*
##.......†..@..............#
* *
#........####..............#
*###....P####
##..........>.## .##....####
#........#..## ........#
###....##...### ..##....#
###...#.....## .#,#...##
#.#..#..#.... . *##...#
###.......... , #....#
###...#...#


You could see a yak.

Vanquished Creatures
  A hydra (Lair:2)
  Erolcha (D:8)
  Maurice (D:8)
  A black mamba (Lair:3)
  Joseph (Lair:1)
  2 spiny frogs
  2 komodo dragons (Lair:2)
  A troll (D:9)
  5 blink frogs (Lair:1)
  Sigmund (D:2)
  7 yaks
  Grum (D:8)
  3 wolves (D:8)
  A basilisk (Lair:2)
  A hippogriff (D:9)
  Edmund (D:4)
  4 porcupines
  2 water moccasins
  2 sky beasts
  Purgy (Sewer)
  3 ogres
  An orc warrior (D:8)
  5 phantoms
  A black bear (Lair:1)
  7 crocodiles
  8 giant frogs
  2 elf zombies (Ossuary)
  A centaur (D:9)
  10 big kobolds (D:8)
  6 scorpions
  7 killer bees
  4 wights (D:6)
  A water moccasin skeleton (D:9)
  3 centaur zombies
  4 crimson imps
  2 orc priests (D:3)
  A human zombie (Ossuary)
  4 hounds
  A centaur skeleton (D:3)
  4 jellies
  Jessica (D:3)
  4 orc wizards
  6 worker ants
  7 hell rats (Lair:2)
  3 iguanas
  7 sheep (Lair:2)
  2 big kobold zombies (Ossuary)
  A hound zombie (D:5)
  2 mummies (Ossuary)
  4 gnolls (D:3)
  14 adders
  26 river rats
  2 shadow imps
  6 oozes
  2 adder zombies (Ossuary)
  4 worms
  4 giant geckos
  23 orcs
  2 ball pythons (D:5)
  A bat skeleton (D:5)
  6 giant cockroaches
  15 hobgoblins
  9 jackals
  5 quokkas
  18 bats
  6 giant newts
  15 goblins
  7 hobgoblin zombies (Ossuary)
  A jackal skeleton (D:4)
  2 jackal zombies (Ossuary)
  24 kobolds
  13 kobold zombies (Ossuary)
  5 orc zombies (Ossuary)
  16 rats
  A rat zombie (Ossuary)
378 creatures vanquished.

Vanquished Creatures (others)
  2 fungi (Lair:2)
  3 plants (Lair:2)
5 creatures vanquished.

Grand Total: 383 creatures vanquished

Notes
Turn   | Place    | Note
--------------------------------------------------------------
     0 | D:1      | Goblin1989 the Minotaur Monk began the quest for the Orb.
     0 | D:1      | Reached XP level 1. HP: 19/19 MP: 0/0
   308 | D:1      | Reached XP level 2. HP: 23/26 MP: 1/1
   379 | D:1      | Reached skill level 5 in Unarmed Combat
   875 | D:2      | Reached XP level 3. HP: 27/31 MP: 2/2
  1357 | D:2      | Noticed Sigmund
  1378 | D:2      | Killed Sigmund
  1378 | D:2      | Reached skill level 7 in Unarmed Combat
  1378 | D:2      | Reached XP level 4. HP: 21/39 MP: 3/3
  1378 | D:2      | Reached XP level 5. HP: 24/45 MP: 4/4
  1779 | D:3      | Noticed Jessica
  1784 | D:3      | Killed Jessica
  1861 | D:3      | Reached XP level 6. HP: 41/51 MP: 5/5
  2081 | D:3      | Reached skill level 8 in Unarmed Combat
  2882 | D:4      | Found a sand-covered staircase.
  2885 | D:4      | Noticed Edmund
  2900 | D:4      | Killed Edmund
  2900 | D:4      | Reached skill level 9 in Unarmed Combat
  2900 | D:4      | Reached XP level 7. HP: 57/57 MP: 6/6
  2909 | Ossuary  | Entered an ossuary
  3071 | Ossuary  | Reached skill level 10 in Unarmed Combat
  3452 | D:4      | Found a staircase to the Ecumenical Temple.
  3463 | Temple   | Entered the Ecumenical Temple
  3562 | Temple   | Became a worshipper of Ashenzari the Shackled
  3562 | Temple   | Acquired Ashenzari's first power
  3700 | D:4      | Found a stormy altar of Qazlal.
  3797 | D:4      | Found Cashom's Antique Weapon Emporium.
  3884 | D:4      | Found a shimmering altar of Xom.
  3919 | D:4      | Reached XP level 8. HP: 57/64 MP: 7/7
  4135 | D:5      | Entered Level 5 of the Dungeon
  4212 | D:5      | Found a glowing drain.
  4213 | D:5      | Reached skill level 1 in Armour
  4228 | Sewer    | Entered a sewer
  4282 | Sewer    | Noticed Purgy
  4287 | Sewer    | Killed Purgy
  4438 | D:5      | Found Buollaet's Assorted Antiques.
  4944 | D:6      | Reached skill level 5 in Fighting
  5001 | D:6      | Acquired Ashenzari's second power
  5268 | D:6      | Reached skill level 5 in Armour
  5699 | D:6      | Found Jukkea's Jewellery Boutique.
  5796 | D:6      | Reached XP level 9. HP: 69/78 MP: 8/8
  6296 | D:6      | Bought an uncursed amulet of the gourmand for 300 gold pieces
  6575 | D:7      | Acquired Ashenzari's third power
  6846 | D:7      | Found a glowing golden altar of the Shining One.
  7082 | D:7      | Reached skill level 1 in Throwing
  7277 | D:8      | Noticed Erolcha
  7289 | D:8      | Killed Erolcha
  7499 | D:8      | Noticed Grum
  7514 | D:8      | Reached XP level 10. HP: 57/91 MP: 9/9
  7530 | D:8      | Killed Grum
  7530 | D:8      | Reached skill level 5 in Throwing
  7680 | D:8      | Noticed Maurice
  7699 | D:8      | Killed Maurice
  8110 | D:8      | Found an ancient bone altar of Kikubaaqudgha.
  8197 | D:8      | Reached skill level 1 in Evocations
  8533 | D:9      | Reached skill level 10 in Fighting
  8680 | D:9      | Found a basalt altar of Yredelemnul.
  8683 | D:9      | Found a sacrificial altar of Ru.
  8686 | D:9      | Found a radiant altar of Vehumet.
  8761 | D:9      | Found a staircase to the Lair.
  8876 | D:9      | Acquired Ashenzari's fourth power
  9055 | D:9      | Found Vuevuesh's Food Shoppe.
  9114 | Lair:1   | Entered Level 1 of the Lair of Beasts
  9527 | Lair:1   | Identified the +0 scale mail of the Quahog {+Inv +Fly SInv}
  9910 | Lair:1   | Noticed Joseph
  9920 | Lair:1   | Killed Joseph
  9920 | Lair:1   | Reached XP level 11. HP: 94/101 MP: 12/12
 10489 | Lair:2   | Reached skill level 11 in Fighting
 10970 | Lair:2   | Noticed a six-headed hydra
 11016 | Lair:2   | Killed a six-headed hydra
 11640 | Lair:3   | Reached skill level 5 in Evocations
 11686 | Lair:3   | HP: 5/102 [yak (4)]
 11688 | Lair:3   | HP: 1/102 [yak (5)]
 11689 | Lair:3   | Reached skill level 10 in Throwing
 11700 | Lair:3   | Mangled by a yak

Vault maps used:
D:1:      sevenhm_arrival_forest_fort_small_3, minmay_misc_feat_x
D:2:      st_stairs_13, uniq_sigmund
D:3:      first_bread, uniq_jessica
D:4:      kennysheep_mini, lemuel_doored_altar,
          minmay_temple_entry_glassed_door, serial_shops, shop,
          nicolae_ossuary_entry_ruins, uniq_edmund
D:5:      serial_shops, nicolae_shop_stone, portal_sewer_entry_e,
          feat_on_display
D:6:      serial_shops, shop
D:7:      old_forge, tso_altar
D:8:      nicolae_overflow_hidden_temple, special_room,
          hangedman_little_slice_of_home, uniq_grum, uniq_erolcha, uniq_maurice
D:9:      grunt_temple_overflow_diamond, lair_0_dummy, serial_shops,
          kennysheep_little_box
Temple:   circular_temple_pool_12
Lair:1:   grunt_forest_small_clearings, uniq_joseph
Lair:2:   eino_small_chamber_without_monster, grunt_megastairs_2
Lair:3:   minmay_swamp_entry_worms, dummy_spider_entry,
          portal_ice_cave_entry_pillars_02, serial_bayou_crossing
Sewer:    kennysheep_door_sewer
Ossuary:  ossuary_tomb_1

Action                   |  1- 3 |  4- 6 |  7- 9 | 10-12 || total
-------------------------+-------+-------+-------+-------++-------
Melee: Unarmed           |    61 |   155 |   466 |   497 ||  1179
Evoke: Wand              |       |       |       |     5 ||     5
  Use: Scroll            |       |       |     5 |    11 ||    16
       Potion            |       |       |       |     1 ||     1
 Stab: Sleeping          |       |     1 |     1 |       ||     2
       Invisible         |       |       |       |     3 ||     3
  Eat: Chunk             |     1 |     4 |    10 |    22 ||    37
       Bread ration      |       |       |     1 |       ||     1
       Pizza             |       |       |     1 |       ||     1
